 Dungeon Crawl Stone Soup version 0.15.1-3-g1b33baa (webtiles) character file.

905 Chiseanne the Shield-Bearer (level 8, -7/93 HPs)
             Began as a Formicid Fighter on Oct 8, 2014.
             Was an Initiate of Makhleb.
             Killed by divine providence
             ... invoked by an orc priest
              (16 damage)
             ... on Level 5 of the Dungeon.
             The game lasted 00:13:33 (4959 turns).

Chiseanne the Shield-Bearer (Formicid Fighter)      Turns: 4959, Time: 00:13:33

HP  -7/93        AC 26     Str 25      XL: 8   Next: 29%
MP  11/11        EV  2     Int  9      God: Makhleb [......]
Gold 232         SH 11     Dex 11 (14) Spells:  0 memorised,  7 levels left

rFire  + . .     SeeInvis .     a - +1 war axe
rCold  + . .     Clarity  +     b - melded +0 scale mail
rNeg   + + +     rCorr    +     c - +0 shield
rPois  +         rRot     .     (helmet unavailable)
rElec  +         Spirit   .     (cloak currently unavailable)
SustAb .         Warding  .     (gloves currently unavailable)
rMut   .         Stasis   +     (boots currently unavailable)
Gourm  .                        C - amulet of clarity
MR     .....                    m - +2 ring of dexterity
                                g - +2 ring of protection

@: mighty, tree-form, resistant, not resistant to hostile enchantments, very
unstealthy
A: permanent stasis, dig shafts and tunnels, four strong arms, (antennae 0)
a: Dig, Shaft Self, Renounce Religion


You were on level 5 of the Dungeon.
You worshipped Makhleb.
Makhleb was noncommittal.
You were near starving.
You were an animated tree.
You visited 2 branches of the dungeon, and saw 6 of its levels.

You collected 232 gold pieces.

Inventory:

Hand weapons
 a - a +1 war axe (weapon)
Armour
 b - a +0 scale mail (melded)
 c - a +0 shield (worn)
 v - a +0 cloak
Magical devices
 w - a wand of teleportation (2)
Comestibles
 d - 6 bread rations
 f - 2 royal jellies
 k - 2 meat rations
 o - 2 slices of pizza
 x - 2 beef jerkies
 B - a fruit
Scrolls
 l - a scroll of recharging
 q - a scroll of magic mapping
 t - 2 scrolls of remove curse
 u - 3 scrolls of immolation
 A - 2 scrolls of enchant weapon
Jewellery
 g - a +2 ring of protection (left branch)
 m - a +2 ring of dexterity (right branch)
 p - an uncursed ring of poison resistance
 y - an uncursed ring of flight
 C - an amulet of clarity (around neck)
Potions
 i - a potion of haste
 j - 3 potions of agility


   Skills:
 * Level 5.3 Fighting
 * Level 4.7 Axes
 * Level 6.0 Armour
 * Level 6.8 Shields


You had 7 spell levels left.
You didn't know any spells.

Dungeon Overview and Level Annotations

Branches:
Dungeon (5/15)             Temple (1/1) D:5

Altars:
Kikubaaqudgha
Makhleb
Nemelex Xobeh
Qazlal
Trog
Vehumet
Yredelemnul
Lugonu


Innate Abilities, Weirdness & Mutations

Your are under a permanent stasis effect.
You can dig through walls and to a lower floor.
Your four strong arms can wield two-handed weapons with a shield.
((You have a pair of large antennae on your head (SInv).))


Message History

You start resting.
A jackal comes into view.
The jackal barks!
A jackal comes into view.
The jackal barks!
An orc priest comes into view. It is wielding a club.
The orc priest shouts!
The jackal bites you.
* * * LOW HITPOINT WARNING * * *
You slash the jackal!
You kill the jackal!
Makhleb accepts your kill.
The orc priest prays to Beogh.
You feel troubled. The jackal barely misses you.
A jackal comes into view.
You closely miss the jackal.
The jackal bites you but does no damage.
The orc priest mumbles some strange prayers to Beogh against you.
Something smites you!
You die...

#########.#
..........#
########..#########
##...........
#.....#######
##...## ##.## #(#
#♣# #h# ... .....
....... # .......ho
. '..>......' #
......... ...


You could see an orc priest and 2 jackals.

Vanquished Creatures
  An ice beast (D:5)
  An ogre (D:4)
  A phantom (D:5)
  2 centaurs (D:5)
  A scorpion (D:4)
  2 orc priests (D:5)
  A crimson imp (D:4)
  A centaur skeleton (D:5)
  3 worker ants
  An ogre skeleton (D:4)
  6 adders
  A gnoll zombie (D:5)
  6 worms
  An iguana skeleton (D:5)
  11 orcs
  2 ball pythons
  6 giant cockroaches
  14 goblins
  10 hobgoblins
  18 jackals
  2 quokkas
  10 bats
  5 giant geckos
  A giant newt (D:4)
  A goblin skeleton (D:4)
  8 kobolds
  16 rats
132 creatures vanquished.

Vanquished Creatures (others)
  A giant cockroach (D:5)
1 creature vanquished.

Grand Total: 133 creatures vanquished

Notes
Turn   | Place    | Note
--------------------------------------------------------------
     0 | D:1      | Chiseanne, the Formicid Fighter, began the quest for the Orb.
     0 | D:1      | Reached XP level 1. HP: 18/18 MP: 1/1
   112 | D:1      | Reached XP level 2. HP: 24/24 MP: 3/3
   443 | D:1      | Reached skill level 4 in Shields
   763 | D:2      | Reached XP level 3. HP: 28/30 MP: 4/4
  1205 | D:2      | Reached XP level 4. HP: 37/37 MP: 5/5
  1822 | D:2      | Reached XP level 5. HP: 34/42 MP: 7/7
  1882 | D:2      | Noticed a moth of wrath
  1885 | D:2      | Found a bloodstained altar of Trog.
  2351 | D:3      | Reached skill level 5 in Shields
  3060 | D:4      | Reached XP level 6. HP: 40/48 MP: 8/8
  3116 | D:4      | Noticed an ogre
  3128 | D:4      | Killed an ogre
  3448 | D:4      | Reached skill level 5 in Armour
  3525 | D:4      | Reached XP level 7. HP: 47/55 MP: 9/9
  3848 | D:5      | Entered Level 5 of the Dungeon
  3850 | D:5      | Found a stormy altar of Qazlal.
  3906 | D:5      | Reached skill level 6 in Shields
  4573 | D:5      | Reached skill level 5 in Fighting
  4573 | D:5      | Reached XP level 8. HP: 45/62 MP: 11/11
  4661 | D:5      | Found a staircase to the Ecumenical Temple.
  4701 | Temple   | Entered the Ecumenical Temple
  4722 | Temple   | Became a worshipper of Makhleb the Destroyer
  4942 | D:5      | HP: 3/62 [poison (a potion of poison)]
  4959 | D:5      | Killed from afar by an orc priest

Action                   |  1- 3 |  4- 6 |  7- 9 || total
-------------------------+-------+-------+-------++-------
Melee: War axe           |   116 |   251 |   100 ||   467
Evoke: Wand              |       |     1 |     1 ||     2
  Use: Scroll            |     4 |     9 |     2 ||    15
       Potion            |       |     1 |     7 ||     8
  Eat: Chunk             |       |     9 |     3 ||    12
